 Dungeon Crawl Stone Soup version 0.21-a0-267-ga5fc350 (webtiles) character file.

373 GordonOverkill the Sneak (level 6, -2/48 HPs)
             Began as a Gnoll Assassin on Sept 13, 2017.
             Was an Initiate of Yredelemnul.
             Slain by a gnoll
             ... wielding a +0 flail
              (4 damage)
             ... on level 4 of the Dungeon.
             The game lasted 00:11:49 (5738 turns).

GordonOverkill the Sneak (Gnoll Assassin)           Turns: 5738, Time: 00:11:50

Health: -2/48      AC:  6    Str:  7    XL:     6   Next: 72%
Magic:  6/6        EV: 10    Int:  7    God:    Yredelemnul [......]
Gold:   372        SH:  0    Dex:  7    Spells: 5/5 levels left

rFire    + . .     SeeInvis .   x - +2 short sword (drain)
rCold    . . .     Gourm    .   (no shield)
rNeg     . . .     Faith    .   u - +0 ring mail
rPois    .         Spirit   .   (no helmet)
rElec    .         Reflect  .   d - +0 cloak
rCorr    .         Harm     .   (no gloves)
MR       .....                  (no boots)
Stlth    +.........             (no amulet)
HPRegen  0.16/turn              i - ring of protection from fire
MPRegen  0.10/turn              (no ring)

@: glowing
A: unchanging attributes, fangs 1, strong nose
a: Renounce Religion


You were on level 4 of the Dungeon.
You worshipped Yredelemnul.
Yredelemnul was noncommittal.
You were not hungry.

You visited 2 branches of the dungeon, and saw 5 of its levels.

You collected 372 gold pieces.

Inventory:

Hand Weapons
 a - a +2 dagger
 b - a +0 blowgun
 x - a +2 short sword of draining (weapon)
Missiles
 e - 2 poisoned needles
 w - 5 tomahawks (quivered)
Armour
 d - a +0 cloak (worn)
 u - a +0 ring mail (worn)
Jewellery
 i - a ring of protection from fire (left hand)
Wands
 t - a wand of flame (8/48)
Scrolls
 h - a scroll of noise {unknown}
 j - a scroll of teleportation {unknown}
 m - 5 scrolls of identify {unknown}
 o - a scroll of enchant weapon {unknown}
 r - a scroll of remove curse {unknown}
Potions
 k - a potion of cancellation {unknown}
 l - 2 potions of degeneration {unknown}
 n - a potion of agility
 p - 2 potions of heal wounds {unknown}
 q - a potion of might {unknown}
 s - 2 potions of flight {unknown}
Comestibles
 c - 4 meat rations
 f - 4 fruits
 g - 3 bread rations
 v - 3 chunks of flesh


   Skills:
 + Level 4.1 Fighting
 + Level 5.7 Short Blades
 - Level 2.6 Throwing
 + Level 3.7 Dodging
 + Level 6.8 Stealth
 * Level 1.0 Invocations


You had 5 spell levels left.
You didn't know any spells.

Dungeon Overview and Level Annotations

Branches:
Dungeon (4/15)             Temple (1/1) D:4

Altars:
Cheibriados
Elyvilon
Fedhas
Gozag
Hepliaklqana
Kikubaaqudgha
Makhleb
Okawaru
Qazlal
Ru
Vehumet
Wu Jian
Xom
Yredelemnul
Zin
The Shining One

Annotations:
D:4 Dowan, Duvessa


Innate Abilities, Weirdness & Mutations

Your physical attributes are unchanging.
You have very sharp teeth.
Your uncanny sense of smell can sniff out nearby items.


Message History

You are too injured to fight recklessly!
You hit the gnoll.
The gnoll is heavily wounded.
The gnoll barely misses you.
You hit the gnoll.
The gnoll is severely wounded.
The gnoll hits you but does no damage.
The gnoll hits you from afar with a halberd.
The gnoll hits you with a whip.
You hit the gnoll.
You kill the gnoll!
Yredelemnul accepts your kill.
Your Invocations skill increases to level 1!
The gnoll hits you from afar with a halberd!
* * * LOW HITPOINT WARNING * * *
The gnoll hits you with a flail.
* * * LOW HITPOINT WARNING * * *
The gnoll hits you with a flail.
You die...
Your body rises from the dead as a mindless zombie.

#.....###
#####)...........#
...[...+
#.##)########...#
$.....## #...g# #...#
....#.#
#)###########...#
....#..# #.#
##..........# ....##.#
####g###...........#
##### ..
#..........#...##.[#
.##.....g............#
#......@.#._.#..##.#
#.....[........###.#
#..........#...# #.#
####'###.......# #.#
#.# #####.#.###.# #.#
#.......#.# #.#
#.#)#.#.#.## #.#
#.#........# #.#
#.###.#.#..####


You could see 2 gnolls.

Vanquished Creatures
  A howler monkey (D:3)
  A centaur zombie (D:3)
  A gnoll shaman (D:4)
  An orc wizard (D:4)
  2 worker ants
  4 gnolls
  9 adders
  2 oozes
  An adder skeleton (D:4)
  2 worms
  2 dart slugs
  A leopard gecko (D:1)
  4 orcs (D:4)
  A ball python (D:2)
  2 giant cockroaches (D:3)
  3 goblins
  8 hobgoblins
  2 jackals (D:4)
  A quokka (D:4)
  6 bats
  6 frilled lizards
  4 kobolds
  A leopard gecko skeleton (D:4)
  6 rats
71 creatures vanquished.

Notes
Turn   | Place    | Note
-------+----------+-------------------------------------------
     0 | D:1      | GordonOverkill the Gnoll Assassin began the quest for the Orb.
     0 | D:1      | Reached XP level 1. HP: 17/17 MP: 1/1
   484 | D:1      | Reached skill level 5 in Stealth
   484 | D:1      | Reached XP level 2. HP: 23/23 MP: 2/2
  1272 | D:2      | Found a glowing golden altar of the Shining One.
  1331 | D:2      | Found a stormy altar of Qazlal.
  1487 | D:2      | Reached XP level 3. HP: 28/29 MP: 3/3
  1587 | D:2      | Found an opulent altar of Gozag.
  2728 | D:2      | Reached XP level 4. HP: 26/35 MP: 4/4
  3182 | D:3      | Reached XP level 5. HP: 36/42 MP: 5/5
  3304 | D:3      | Reached skill level 6 in Stealth
  3752 | D:3      | Reached skill level 5 in Short Blades
  3765 | D:3      | Reached XP level 6. HP: 36/48 MP: 6/6
  4897 | D:4      | Found a shimmering altar of Xom.
  4897 | D:4      | Found an ornate altar of the Wu Jian Council.
  4898 | D:4      | Found a snail-covered altar of Cheibriados.
  4932 | D:4      | Found a radiant altar of Vehumet.
  4970 | D:4      | Noticed an orc warrior
  4999 | D:4      | Found a staircase to the Ecumenical Temple.
  5139 | D:4      | Noticed Duvessa
  5139 | D:4      | Noticed Dowan
  5429 | Temple   | Entered the Ecumenical Temple
  5586 | Temple   | Became a worshipper of Yredelemnul the Dark
  5663 | D:4      | Found an opulent altar of Gozag.
  5734 | D:4      | Reached skill level 1 in Invocations
  5735 | D:4      | HP: 1/48 [gnoll/flail (3)]
  5738 | D:4      | Slain by a gnoll

Vault maps used:
D:1:      onia_arrival_mini_maze_b
D:2:      nicolae_tso_carved_into_rock, grunt_qazlal_sundering, first_bread,
          grunt_gozag_statues
D:4:      gammafunk_temple_overflow_forgotten, vehumet_altar_wand_db,
          kennysheep_mini, nicolae_overflow_crystal_walls,
          minmay_temple_entry_purple_smoke, uniq_duvessa, uniq_ijyb
Temple:   grunt_temple_mini_profane

Skill      XL: |  1  2  3  4  5  6 |
---------------+-------------------+-----
Short Blades   | 3 4 5 |  5.7
Stealth        | 5 6 |  6.8
Fighting       | 3 4 |  4.1
Dodging        | 2 3 |  3.7
Invocations    | 1 |  1.0
Throwing       | |  2.6

Action                   |  1- 3 |  4- 6 || total
-------------------------+-------+-------++-------
Melee: Dagger            |    79 |   220 ||   299
       Bite              |       |    10 ||    10
       Short sword       |       |    52 ||    52
 Fire: Blowgun           |    21 |    25 ||    46
 Stab: Sleeping          |     8 |     6 ||    14
       Distracted        |     1 |       ||     1
  Eat: Chunk             |     5 |     9 ||    14
       Fruit             |       |     1 ||     1
Armor: Leather armour    |    42 |    14 ||    56
       Ring mail         |       |    59 ||    59
Dodge: Dodged            |    63 |   100 ||   163

Table legend:
 A = Spawn XP
 B = Non-spawn XP
 C = Spawn XP percentage of total XP
 D = Spawn monster count
 E = Non-spawn monster count
 F = Spawn count percentage of total count
 G = Total turns spent on level
                    A         B        C        D         E        F      G
               +---------+---------+-------+---------+---------+-------+---------
         Total |       0 |     534 |   0.0 |       0 |      71 |   0.0 |  5738
               +---------+---------+-------+---------+---------+-------+---------
           D:1 |       0 |      29 |   0.0 |       0 |      14 |   0.0 |  1216
           D:2 |       0 |      93 |   0.0 |       0 |      17 |   0.0 |  2134
           D:3 |       0 |     246 |   0.0 |       0 |      23 |   0.0 |  1546
           D:4 |       0 |     166 |   0.0 |       0 |      17 |   0.0 |   645
               +---------+---------+-------+---------+---------+-------+---------
